 Dungeon Crawl Stone Soup version 0.30-a0-174-gbc10bd73c2 (webtiles) character file.

Game seed: 6155305906492456645

7798 qw the Cleaver (level 11, -1/68 HPs)
             Began as a Gargoyle Fighter on Oct 1, 2022.
             Was an Initiate of Okawaru.
             Slain by a brown ugly thing (8 damage)
             ... on level 11 of the Dungeon.
             The game lasted 00:03:32 (10652 turns).

qw the Cleaver (Gargoyle Fighter)                  Turns: 10652, Time: 00:03:33

Health: -1/68      AC: 28    Str: 30    XL:     11   Next: 20%
Magic:  11/11      EV:  7    Int:  7    God:    Okawaru [......]
Gold:   690        SH: 13    Dex:  5    Spells: 10/10 levels left

rFire   + + +      SeeInvis +    n - +3 war axe (vamp)
rCold   . . .      Faith    .    h - +0 kite shield
rNeg    + + .      Spirit   .    r - +2 plate armour {rN+}
rPois   inf        Reflect  .    v - +0 helmet of the Gastropod {rPois rF+++ Dex-4 SInv}
rElec   +          Harm     .    (no cloak)
rCorr   .          Rampage  .    b - +1 pair of gloves
Will    .....                    c - +0 pair of boots
Stlth   ..........               e - amulet of the acrobat
HPRegen 0.31/turn                f - +4 ring of slaying {mikee}
MPRegen 0.12/turn                o - +6 ring of strength

@: about to teleport
A: sickness immunity, AC +8, negative energy resistance 1, electricity
resistance, torment resistance 1, petrification resistance, claws 1, large bone
plates 1, camouflage 1, dopey 1
a: Renounce Religion


You were on level 11 of the Dungeon.
You worshipped Okawaru.
Okawaru was noncommittal.
You visited 2 branches of the dungeon, and saw 12 of its levels.
You also visited: Ossuary.

You collected 690 gold pieces.


Innate Abilities, Weirdness & Mutations

You are immune to sickness and miasma.
Your stone body is resilient. (AC +8)
You are immune to poison.
You resist negative energy. (rN+)
You are resistant to electric shocks. (rElec)
You are resistant to unholy torment.
You are immune to petrification.
You have sharp fingernails.
You are partially covered in large bone plates. (SH +4)
Your skin changes colour to match your surroundings (Stealth+).
You are dopey. (Int -2)


   Skills:
 - Level 8.1 Fighting
 + Level 10.2 Axes
 - Level 3.0 Throwing
 - Level 7.8 Armour
 - Level 2.8 Dodging
 - Level 9.0 Shields


You had 10 spell levels left.
You didn't know any spells.
Your spell library was empty.

Inventory:

Hand Weapons
 n - a +3 vampiric war axe (weapon)
 w - a +1 flail of protection
Missiles
 a - a javelin (quivered)
 g - 8 boomerangs
Armour
 b - a +1 pair of gloves (worn)
 c - a +0 pair of boots (worn)
 h - a +0 kite shield (worn)
 r - a +2 plate armour of positive energy (worn)
 v - the +0 helmet of the Gastropod (worn) {rPois rF+++ Dex-4 SInv}
   (You found it on level 4 of the Dungeon)

   Dex:       It affects your dexterity (-4).
   rF:        It renders you almost immune to fire.
   rPois:     It protects you from poison.
   SInv:      It lets you see invisible.
Jewellery
 e - an amulet of the acrobat (around neck)
 f - a +4 ring of slaying (left hand) {mikee}
 o - a +6 ring of strength (right hand)
 s - a ring of resist corrosion
Wands
 t - a wand of digging (13)
Scrolls
 q - 5 scrolls of identify
 u - 5 scrolls of teleportation
Potions
 d - 4 potions of might
 i - 2 potions of heal wounds
 j - 3 potions of mutation
 k - 2 potions of resistance
 l - 4 potions of attraction
 m - 7 potions of curing
 p - a potion of haste
 x - 2 potions of cancellation
 z - a potion of lignification

Dungeon Overview and Level Annotations

Branches:
Dungeon (11/15)            Temple (1/1) D:5             Orc (0/2) D:10
Ossuary (visited)
   Lair: D:8-11

Altars:
Ashenzari
Cheibriados
Dithmenos
Elyvilon
Fedhas
Gozag
Hepliaklqana
Kikubaaqudgha
Makhleb
Nemelex Xobeh
Okawaru
Qazlal
Ru
Sif Muna
Trog
Uskayaw
Vehumet
Wu Jian
Xom
Yredelemnul
Zin
The Shining One

Shops:
D:5 (   D:6 *   D:9 :

Annotations:
D:7 1 runed translucent door, Crazy Yiuf
D:10 1 runed translucent door, Tallon's ghost, novice DsFi


Message History

You block the meliai's attack.
The meliai calls upon its god to heal the meliai.
The meliai is healed somewhat.
You block the centaur's attack.
The centaur kicks you but does no damage.
You block the brown ugly thing's attack.
The wolf closely misses you. The centaur hits you.
The centaur kicks you but does no damage.
You block the troll's attack.
The troll claws you but does no damage. x2
You block the meliai's attack. The meliai stings you.
The meliai hits you with a +0 hand axe.
The meliai stings you but does no damage.
You hear a bark! x2
You slash the centaur!
You feel better.
You kill the centaur!
Okawaru accepts your kill.
You barely miss the brown ugly thing. You miss the wolf.
You closely miss the meliai. You slash the centaur! You hit the meliai.
You hit the troll.
You feel better.
You slash the centaur!
You feel better.
You kill the centaur!
Okawaru accepts your kill. The wolf closely misses you.
The meliai hits you but does no damage.
The meliai stings you but does no damage.
You block the centaur's attack. x2; You block the meliai's attack.
The meliai stings you! The brown ugly thing punches you.
You are splashed with acid!
The wolf barely misses you.
The meliai mumbles some strange prayers to its god against you.
Something smites you! The centaur barely misses you.
The centaur kicks you but does no damage.
The meliai hits you but does no damage. The meliai stings you.
The troll barely misses you.
The troll claws you but does no damage. x2
Your Throwing skill increases to level 3!
10652 ||| READING 6 scrolls of teleportation.
As you read the scroll of teleportation, it crumbles to dust.
You feel strangely unstable. You block the meliai's attack.
The meliai stings you but does no damage.
The meliai hits you with a +0 hand axe. You block the meliai's attack.
A hound comes into view.
The brown ugly thing punches you!
You die...

#.......#
#.##
##+######
#..#
####.##
#.....###
#.......
#.....###
#....^#
#Tuy..#
#h@cc.#
#T.y..#
#.hy..#
......#
#####.##
.. ...
h~~.


You could see a brown ugly thing, 2 trolls, 3 meliai, a wolf, 2 centaurs and 2
hounds.

Vanquished Creatures
  Harold (D:10)
  A two-headed ogre (D:10)
  Pikel (D:5)
  A komodo dragon (D:10)
  A troll (D:10)
  A hornet (D:7)
  Grinder (D:6)
  A wyvern (D:10)
  Eustachio (D:6)
  4 yaks (D:10)
  A steam dragon (D:9)
  A water moccasin (D:7)
  A black bear (D:5)
  Duvessa (D:4)
  An ice beast (D:6)
  3 orc warriors
  An ogre (D:6)
  A wolf (D:11)
  4 lemures (D:5)
  8 centaurs
  3 phantoms
  3 necrophages
  3 bullfrogs
  2 elf zombies (Ossuary)
  2 gnoll sergeants
  3 scorpions (D:6)
  13 killer bees
  Dowan (D:4)
  2 vampire bats (D:8)
  4 howler monkeys
  3 orc priests
  3 hounds
  4 jellies
  A gnoll bouda (D:8)
  4 iguanas
  4 orc wizards
  A hound zombie (Ossuary)
  4 mummies (Ossuary)
  12 gnolls
  7 adders
  4 shadow imps (D:6)
  2 white imps (D:6)
  5 ufetubi
  2 adder zombies (Ossuary)
  A worm (D:2)
  3 dart slugs
  35 orcs
  4 ball pythons
  18 bats
  9 endoplasms
  3 giant cockroaches
  9 goblins
  4 hobgoblins
  5 jackals (D:1)
  8 kobolds
  3 quokkas
  4 frilled lizards
  A hobgoblin zombie (Ossuary)
  A jackal zombie (Ossuary)
  2 orc zombies (Ossuary)
  8 rats
  3 rat zombies (Ossuary)
  A spectral orc (D:3)
249 creatures vanquished.

Vanquished Creatures (others)
  7 demonic plants (D:6)
7 creatures vanquished.

Grand Total: 256 creatures vanquished

Notes
Turn   | Place    | Note
-------+----------+-------------------------------------------
     0 | D:1      | qw the Gargoyle Fighter began the quest for the Orb.
     0 | D:1      | Reached XP level 1. HP: 14/14 MP: 1/1
     0 | D:1      | 0 ||| qw: Version: 0.2-a-13-gfc7b4b4
     0 | D:1      | 0 ||| qw: Game counter: 1891
     0 | D:1      | 0 ||| qw: Always use a shield: true
     0 | D:1      | 0 ||| qw: God list: Okawaru
     0 | D:1      | 0 ||| qw: Allow faded altars: false
     0 | D:1      | 0 ||| qw: Do Orc after D:15 true
     0 | D:1      | 0 ||| qw: Do second Lair branch before Depths: true
     0 | D:1      | 0 ||| qw: Lair rune preference: random
     0 | D:1      | 0 ||| qw: Plans: Normal, Zot:1-4, God:TSO, Crypt, Tomb,
                  | Pan, Slime:5, Hells, Abyss, Orb
     0 | D:1      | 0 ||| PLANNING D:1-11
    62 | D:1      | Reached skill level 2 in Axes
    65 | D:1      | 65 ||| Stepping ~*~*~tactically~*~*~ (hiding).
   126 | D:1      | Reached XP level 2. HP: 7/19 MP: 2/2
   198 | D:1      | 198 ||| Stepping ~*~*~tactically~*~*~ (stealth).
   294 | D:1      | 294 ||| Stepping ~*~*~tactically~*~*~ (hiding).
   509 | D:1      | 509 ||| Stepping ~*~*~tactically~*~*~ (stealth).
   539 | D:1      | Found a faded altar of an unknown god.
   634 | D:1      | Reached skill level 3 in Axes
   697 | D:1      | Reached XP level 3. HP: 23/23 MP: 3/3
   835 | D:1      | 835 ||| Stepping ~*~*~tactically~*~*~ (stealth).
   837 | D:1      | 837 ||| Stepping ~*~*~tactically~*~*~ (stealth).
   957 | D:1      | 957 ||| DROPPING +0 club.
   991 | D:1      | 991 ||| Stepping ~*~*~tactically~*~*~ (stealth).
   993 | D:1      | 993 ||| Stepping ~*~*~tactically~*~*~ (stealth).
  1003 | D:1      | 1003 ||| Stepping ~*~*~tactically~*~*~ (stealth).
  1019 | D:1      | 1019 ||| Stepping ~*~*~tactically~*~*~ (stealth).
  1020 | D:1      | 1020 ||| Stepping ~*~*~tactically~*~*~ (stealth).
  1340 | D:1      | 1340 ||| UPGRADING to +0 kite shield.
  1350 | D:1      | 1350 ||| DROPPING +0 buckler.
  1351 | D:1      | 1351 ||| UPGRADING to amulet of the acrobat.
  1356 | D:1      | 1356 ||| UPGRADING to +4 ring of slaying {mikee}.
  1357 | D:1      | 1357 ||| READING scroll labelled QAACVAE OTSAPT.
  1358 | D:1      | 1358 ||| READING scroll labelled DED ETIADI.
  1763 | D:2      | Reached XP level 4. HP: 28/28 MP: 4/4
  1870 | D:2      | 1870 ||| DROPPING +0 whip.
  2408 | D:2      | 2408 ||| UPGRADING to +0 plate armour.
  2418 | D:2      | 2418 ||| DROPPING +0 scale mail.
  2419 | D:2      | 2419 ||| UPGRADING to +6 ring of strength.
  2420 | D:2      | 2420 ||| READING scroll labelled ROANIPSOONG.
  2421 | D:2      | 2421 ||| READING scroll labelled TYPAOTUSAO.
  2426 | D:2      | 2426 ||| READING scroll labelled ONENAH VINWI.
  2427 | D:2      | 2427 ||| DRINKING 2 bubbling white potions.
  2427 | D:2      | Gained mutation: Your skin changes colour to match your
                  | surroundings (Stealth+). [potion of mutation]
  2427 | D:2      | Gained mutation: You are dopey. (Int -2) [potion of
                  | mutation]
  2427 | D:2      | Gained mutation: You have sharp fingernails. [potion of
                  | mutation]
  2427 | D:2      | Gained mutation: You are partially covered in large bone
                  | plates. (SH +4) [potion of mutation]
  2428 | D:2      | 2428 ||| DRINKING 2 brown potions.
  2549 | D:3      | 2549 ||| Stepping ~*~*~tactically~*~*~ (stealth).
  2586 | D:3      | 2586 ||| Stepping ~*~*~tactically~*~*~ (stealth).
  2595 | D:3      | 2595 ||| Stepping ~*~*~tactically~*~*~ (stealth).
  2603 | D:3      | 2603 ||| Stepping ~*~*~tactically~*~*~ (stealth).
  2627 | D:3      | 2627 ||| SWAPPING to +2 vampiric hand axe.
  2673 | D:3      | 2673 ||| Stepping ~*~*~tactically~*~*~ (stealth).
  2680 | D:3      | 2680 ||| Stepping ~*~*~tactically~*~*~ (stealth).
  2687 | D:3      | 2687 ||| Stepping ~*~*~tactically~*~*~ (stealth).
  2688 | D:3      | 2688 ||| Stepping ~*~*~tactically~*~*~ (stealth).
  2728 | D:3      | Found a basalt altar of Yredelemnul.
  2749 | D:3      | 2749 ||| Stepping ~*~*~tactically~*~*~ (stealth).
  2759 | D:3      | Reached skill level 4 in Axes
  2835 | D:3      | Reached XP level 5. HP: 32/32 MP: 5/5
  2930 | D:3      | 2930 ||| Stepping ~*~*~tactically~*~*~ (hiding).
  2931 | D:3      | 2931 ||| Stepping ~*~*~tactically~*~*~ (stealth).
  2948 | D:3      | 2948 ||| Stepping ~*~*~tactically~*~*~ (stealth).
  2953 | D:3      | 2953 ||| Stepping ~*~*~tactically~*~*~ (stealth).
  3164 | D:3      | 3164 ||| DRINKING 2 viscous amethyst potions.
  3253 | D:4      | Noticed Dowan
  3254 | D:4      | 3254 ||| Stepping ~*~*~tactically~*~*~ (hiding).
  3255 | D:4      | 3255 ||| Stepping ~*~*~tactically~*~*~ (hiding).
  3262 | D:4      | Noticed Duvessa
  3266 | D:4      | 3266 ||| Stepping ~*~*~tactically~*~*~ (hiding).
  3267 | D:4      | 3267 ||| Stepping ~*~*~tactically~*~*~ (hiding).
  3277 | D:4      | Killed Duvessa
  3278 | D:4      | Reached XP level 6. HP: 32/37 MP: 6/6
  3285 | D:4      | Killed Dowan
  3286 | D:4      | Reached skill level 5 in Axes
  3316 | D:4      | 3316 ||| READING scroll of enchant armour.
  3316 | D:4      | 3316 ||| ENCHANTING +0 plate armour.
  3369 | D:4      | Identified the +0 helmet of the Gastropod {rPois rF+++
                  | Dex-4 SInv}
  3681 | D:4      | Found a bloodstained altar of Trog.
  3697 | D:4      | Found an opulent altar of Gozag.
  3902 | D:4      | 3902 ||| UPGRADING to +0 helmet of the Gastropod {rPois
                  | rF+++ Dex-4 SInv}.
  3907 | D:4      | 3907 ||| READING scroll labelled BUFOESAU NYAGA.
  3908 | D:4      | 3908 ||| READING scroll labelled FIOZOH EFIERUA.
  3909 | D:4      | 3909 ||| DRINKING 2 purple potions.
  3910 | D:4      | 3910 ||| READING 2 scrolls of identify.
  3910 | D:4      | 3910 ||| IDENTIFYING emerald potion
  3911 | D:4      | 3911 ||| DROPPING potion of berserk rage.
  3966 | D:5      | Entered Level 5 of the Dungeon
  3969 | D:5      | Noticed Pikel
  3970 | D:5      | 3970 ||| Stepping ~*~*~tactically~*~*~ (stealth).
  3980 | D:5      | HP: 9/38 [Pikel/+1 whip of freezing (2)]
  3981 | D:5      | 3981 ||| READING scroll of teleportation.
  3982 | D:5      | 3982 ||| DRINKING 2 potions of heal wounds.
  3984 | D:5      | 3984 ||| Stepping ~*~*~tactically~*~*~ (stealth).
  3989 | D:5      | Found a radiant altar of Vehumet.
  3989 | D:5      | Noticed a black bear
  3990 | D:5      | 3990 ||| Stepping ~*~*~tactically~*~*~ (hiding).
  3999 | D:5      | Killed a black bear
  4000 | D:5      | Reached XP level 7. HP: 42/43 MP: 7/7
  4213 | D:5      | Reached skill level 1 in Throwing
  4258 | D:5      | 4258 ||| SWAPPING to +1 war axe of electrocution.
  4259 | D:5      | 4259 ||| DROPPING +2 vampiric hand axe.
  4260 | D:5      | 4260 ||| DROPPING +0 war axe.
  4277 | D:5      | 4277 ||| Stepping ~*~*~tactically~*~*~ (stealth).
  4279 | D:5      | 4279 ||| Stepping ~*~*~tactically~*~*~ (stealth).
  4323 | D:5      | Found Zenuzoell's Antique Weapon Shop.
  4325 | D:5      | 4325 ||| READING scroll of enchant armour.
  4325 | D:5      | 4325 ||| ENCHANTING +1 plate armour.
  4355 | D:5      | 4355 ||| Stepping ~*~*~tactically~*~*~ (hiding).
  4358 | D:5      | 4358 ||| Stepping ~*~*~tactically~*~*~ (hiding).
  4379 | D:5      | 4379 ||| FLEEEEING.
  4380 | D:5      | 4380 ||| STAIRDANCE
  4441 | D:4      | 4441 ||| UPGRADING to +0 pair of gloves.
  4446 | D:4      | 4446 ||| UPGRADING to +0 pair of boots.
  4463 | D:5      | 4463 ||| Stepping ~*~*~tactically~*~*~ (stealth).
  4469 | D:5      | Killed Pikel
  4470 | D:5      | Reached skill level 7 in Axes
  4470 | D:5      | Reached XP level 8. HP: 46/48 MP: 8/8
  4554 | D:5      | Found a staircase to the Ecumenical Temple.
  4555 | D:5      | 4555 ||| PLANNING TEMPLE
  4555 | D:5      | 4555 ||| READING scroll labelled FOOLLO QOETRAQ.
  4565 | Temple   | Entered the Ecumenical Temple
  4579 | Temple   | 4579 ||| PLANNING D:1-11
  4712 | D:5      | Reached skill level 6 in Shields
  4973 | D:6      | 4973 ||| Stepping ~*~*~tactically~*~*~ (stealth).
  4975 | D:6      | 4975 ||| Stepping ~*~*~tactically~*~*~ (stealth).
  4982 | D:6      | 4982 ||| Stepping ~*~*~tactically~*~*~ (stealth).
  5227 | D:6      | 5227 ||| Stepping ~*~*~tactically~*~*~ (stealth).
  5231 | D:6      | 5231 ||| FLEEEEING.
  5238 | D:6      | 5238 ||| Stepping ~*~*~tactically~*~*~ (stealth).
  5249 | D:6      | 5249 ||| Stepping ~*~*~tactically~*~*~ (hiding).
  5363 | D:6      | 5363 ||| Stepping ~*~*~tactically~*~*~ (hiding).
  5397 | D:6      | 5397 ||| Stepping ~*~*~tactically~*~*~ (stealth).
  5409 | D:6      | Reached XP level 9. HP: 50/54 MP: 9/9
  5410 | D:6      | Noticed Eustachio
  5411 | D:6      | 5411 ||| Stepping ~*~*~tactically~*~*~ (stealth).
  5425 | D:6      | 5425 ||| Stepping ~*~*~tactically~*~*~ (stealth).
  5429 | D:6      | 5429 ||| Stepping ~*~*~tactically~*~*~ (hiding).
  5443 | D:6      | Killed Eustachio
  5444 | D:6      | Reached skill level 8 in Axes
  5489 | D:6      | Found Atsatuon's Overcharged Wands.
  5497 | D:6      | 5497 ||| SHOPLISTING wand of digging (11) (693 gold, have
                  | 330).
  5525 | D:6      | 5525 ||| Stepping ~*~*~tactically~*~*~ (hiding).
  5532 | D:6      | 5532 ||| Stepping ~*~*~tactically~*~*~ (hiding).
  5876 | D:6      | 5876 ||| Stepping ~*~*~tactically~*~*~ (hiding).
  5878 | D:6      | 5878 ||| Stepping ~*~*~tactically~*~*~ (hiding).
  6135 | D:6      | 6135 ||| Stepping ~*~*~tactically~*~*~ (stealth).
  6137 | D:6      | Reached skill level 6 in Fighting
  6273 | D:6      | Noticed Grinder
  6278 | D:6      | Paralysed by Grinder for 4 turns
  6287 | D:6      | Killed Grinder
  6299 | D:6      | 6299 ||| DROPPING scarf of shadows.
  6300 | D:6      | 6300 ||| READING scroll labelled DEAGIN TODUPAO.
  6301 | D:6      | 6301 ||| READING scroll labelled KEMNON GEPOW.
  6402 | D:6      | 6402 ||| READING 2 scrolls of identify.
  6402 | D:6      | 6402 ||| IDENTIFYING bubbling coppery potion
  6500 | D:7      | Found a sparkling altar of Nemelex Xobeh.
  6630 | D:7      | 6630 ||| DRINKING 4 potions of curing.
  6630 | D:7      | 6630 ||| (to cure confusion)
  7082 | D:7      | Noticed a hornet
  7086 | D:7      | Killed a hornet
  7087 | D:7      | Reached skill level 9 in Axes
  7238 | D:7      | Found a runed translucent door.
  7239 | D:7      | Noticed Crazy Yiuf
  7502 | D:7      | 7502 ||| DRINKING 3 green potions.
  7503 | D:7      | 7503 ||| READING 2 scrolls of identify.
  7503 | D:7      | 7503 ||| IDENTIFYING amethyst potion
  7504 | D:7      | 7504 ||| DROPPING potion of brilliance.
  7505 | D:7      | 7505 ||| DROPPING 2 potions of degeneration.
  7542 | D:8      | 7542 ||| PLANNING OSSUARY
  7569 | D:8      | Reached skill level 6 in Armour
  7569 | D:8      | Reached XP level 10. HP: 44/60 MP: 10/10
  7653 | D:8      | Found a sand-covered staircase.
  7654 | D:8      | 7654 ||| UPGRADING to +2 plate armour of positive energy.
  7664 | D:8      | 7664 ||| DROPPING +2 plate armour.
  7665 | D:8      | 7665 ||| READING 2 scrolls of identify.
  7665 | D:8      | 7665 ||| IDENTIFYING dark potion
  7666 | D:8      | 7666 ||| DROPPING potion of ambrosia.
  7670 | Ossuary  | Entered an ossuary
  7827 | Ossuary  | 7827 ||| READING scroll of enchant weapon.
  7827 | Ossuary  | 7827 ||| ENCHANTING +2 war axe of electrocution.
  7838 | Ossuary  | 7838 ||| READING 3 scrolls of identify.
  7838 | Ossuary  | 7838 ||| IDENTIFYING fuming amethyst potion
  7849 | D:8      | 7849 ||| PLANNING D:1-11
  8044 | D:8      | 8044 ||| Stepping ~*~*~tactically~*~*~ (stealth).
  8360 | D:8      | 8360 ||| Stepping ~*~*~tactically~*~*~ (hiding).
  8412 | D:8      | 8412 ||| DROPPING +0 flail.
  8448 | D:8      | Reached skill level 9 in Shields
  8650 | D:8      | 8650 ||| READING scroll labelled SEANUI MAXZUA.
  8832 | D:9      | Found a sacrificial altar of Ru.
  8897 | D:9      | Found a flagged portal.
  9056 | D:9      | Found Vuedu's Book Shoppe.
  9126 | D:9      | 9126 ||| READING scroll of enchant armour.
  9126 | D:9      | 9126 ||| ENCHANTING +0 pair of gloves.
  9292 | D:9      | 9292 ||| READING 2 scrolls labelled UNUEKHL LIXKAE.
  9293 | D:9      | 9293 ||| READING 5 scrolls of identify.
  9293 | D:9      | 9293 ||| IDENTIFYING sapphire potion
  9294 | D:9      | 9294 ||| DROPPING scroll of magic mapping.
  9330 | D:10     | Entered Level 10 of the Dungeon
  9389 | D:10     | Noticed Harold
  9390 | D:10     | 9390 ||| Stepping ~*~*~tactically~*~*~ (stealth).
  9392 | D:10     | 9392 ||| Stepping ~*~*~tactically~*~*~ (hiding).
  9396 | D:10     | Reached skill level 10 in Axes
  9405 | D:10     | Killed Harold
  9406 | D:10     | 9406 ||| Stepping ~*~*~tactically~*~*~ (hiding).
  9427 | D:10     | Noticed a two-headed ogre
  9433 | D:10     | Killed a two-headed ogre
  9434 | D:10     | Reached XP level 11. HP: 53/67 MP: 11/11
  9616 | D:10     | 9616 ||| Stepping ~*~*~tactically~*~*~ (stealth).
  9621 | D:10     | 9621 ||| Stepping ~*~*~tactically~*~*~ (stealth).
  9637 | D:10     | 9637 ||| Stepping ~*~*~tactically~*~*~ (stealth).
  9638 | D:10     | 9638 ||| Stepping ~*~*~tactically~*~*~ (stealth).
  9651 | D:10     | Found a staircase to the Orcish Mines.
  9656 | D:10     | 9656 ||| Stepping ~*~*~tactically~*~*~ (stealth).
  9660 | D:10     | 9660 ||| Stepping ~*~*~tactically~*~*~ (stealth).
  9761 | D:10     | Found a runed translucent door.
  9768 | D:10     | Noticed a +3 broad axe of chaos
  9769 | D:10     | Found a shimmering altar of Xom.
  9769 | D:10     | Noticed Tallon's ghost (novice DsFi)
  9799 | D:10     | 9799 ||| Stepping ~*~*~tactically~*~*~ (stealth).
  9801 | D:10     | 9801 ||| Stepping ~*~*~tactically~*~*~ (stealth).
  9803 | D:10     | 9803 ||| Stepping ~*~*~tactically~*~*~ (hiding).
 10380 | D:10     | Found a burning altar of Makhleb.
 10387 | D:10     | Found an iron altar of Okawaru.
 10388 | D:10     | 10388 ||| PLANNING OKAWARU WORSHIP
 10388 | D:10     | 10388 ||| READING scroll labelled COOMME WALY.
 10389 | D:10     | 10389 ||| READING 7 scrolls of identify.
 10389 | D:10     | 10389 ||| IDENTIFYING pink potion
 10394 | D:10     | Became a worshipper of Warmaster Okawaru
 10395 | D:10     | 10395 ||| PLANNING D:1-11
 10400 | D:10     | Found a shimmering altar of Xom.
 10408 | D:10     | Found a glowing golden altar of the Shining One.
 10412 | D:10     | Found a shimmering blue altar of Sif Muna.
 10426 | D:10     | Found a stormy altar of Qazlal.
 10431 | D:10     | Found a hide-covered altar of Uskayaw.
 10509 | D:10     | 10509 ||| READING 6 scrolls of identify.
 10509 | D:10     | 10509 ||| IDENTIFYING white potion
 10510 | D:10     | 10510 ||| DROPPING potion of flight.
 10526 | D:11     | Found Ryllakoj's Assorted Antiques.
 10640 | D:11     | Noticed a brown ugly thing
 10651 | D:11     | HP: 12/68 [meliai/divine providence (12)]
 10652 | D:11     | Reached skill level 3 in Throwing
 10652 | D:11     | 10652 ||| READING 6 scrolls of teleportation.
 10652 | D:11     | Slain by a brown ugly thing

Levels and vault maps discovered:
D:1:      minmay_arrival_stair_chambers, layout_basic,
          hellmonk_ecumenical_altar_run_dry
D:2:      minmay_door_path, layout_loops_corners, serial_aquarium,
          aquarium_bridge_long_separate [aquarium_subvault_balcony,
          aquarium_subvault_bridge, aquarium_subvault_bridge,
          aquarium_subvault_bridge, aquarium_subvault_wall,
          aquarium_subvault_bridge], aquarium_window_corner,
          aquarium_window_fake, aquarium_view_2c, aquarium_view_2c,
          aquarium_balcony_double_2
D:3:      layout_rooms, yredelemnul_forgotten_temple_becter
D:4:      layout_cave_pods, mainiacjoe_overflow_swirl, uniq_duvessa
D:5:      layout_loops_ring, vehumet_altar_wand_db,
          minmay_temple_entry_poolview, serial_shops, shop_fountains, uniq_pikel
D:6:      minmay_evil_eye, layout_basic, serial_demonic, serial_demonic_g,
          serial_demonic_b, serial_demonic_b, serial_demonic_g,
          nicolae_shop_overcharged_wands, uniq_grinder, uniq_eustachio
D:7:      layout_loops_corners, nemelex_spade_bored_becter,
          uniq_crazy_yiuf_cottage
D:8:      layout_basic, enter_ossuary_5, roderic_batcave
D:9:      layout_roguey, nicolae_ru_the_path_less_chosen, enter_bailey_3,
          serial_shops, nicolae_stop_n_shop_1
D:10:     layout_basic, grunt_temple_overflow_octagram, orc_david_3,
          ebering_ghost_xom, minivault_25, uniq_harold
D:11:     layout_roguey, erik_lair_island, serial_shops, shop, shop,
          nicolae_diamond_shop, shop_fountains
Temple:   hellmonk_temple_rainy

Skill      XL: |  1  2  3  4  5  6  7  8  9 10 11 |
---------------+----------------------------------+-----
Axes           | 2 3 4 5 7 9 10 | 10.2
Shields        | 4 5 7 8 9 |  9.0
Fighting       | 4 5 6 7 8 |  8.1
Throwing       | 1 2 3 |  3.0
Armour         | 4 6 7 |  7.8
Dodging        | 2 |  2.8

Action                   |  1- 3 |  4- 6 |  7- 9 | 10-12 || total
-------------------------+-------+-------+-------+-------++-------
Melee: War axe           |   116 |    33 |   173 |   203 ||   525
       Hand axe          |       |    78 |    18 |       ||    96
Throw: Boomerang         |       |    34 |     7 |    21 ||    62
       Javelin           |       |       |    46 |    27 ||    73
  Use: Scroll            |     2 |     8 |     6 |    11 ||    27
       Potion            |       |     5 |     2 |       ||     7
Armor: Scale mail        |    52 |     2 |       |       ||    54
       Plate armour      |       |    45 |   101 |   166 ||   312
Dodge: Dodged            |    62 |    14 |    34 |    75 ||   185
Block: Buckler           |    20 |       |       |       ||    20
       Kite shield       |     2 |    64 |   114 |   188 ||   368

Table legend:
 A = Non-vault XP
 B = Vault XP
 C = Vault XP percentage of total XP
 D = Non-vault monster count
 E = Vault monster count
 F = Vault count percentage of total count
                 A         B        C        D         E       F
            +---------+---------+-------+---------+---------+-------
      Total |    7857 |    3283 |  29.5 |     185 |      60 |  24.5
            +---------+---------+-------+---------+---------+-------
        D:1 |      62 |       0 |   0.0 |      35 |       0 |   0.0
        D:2 |      35 |      20 |  36.4 |       6 |       4 |  40.0
        D:3 |     113 |       1 |   0.9 |      32 |       1 |   3.0
        D:4 |     164 |     200 |  54.9 |       6 |       2 |  25.0
        D:5 |     374 |     609 |  62.0 |      16 |       2 |  11.1
        D:6 |     940 |     869 |  48.0 |      22 |      12 |  35.3
        D:7 |    1109 |       0 |   0.0 |      15 |       0 |   0.0
        D:8 |     995 |     127 |  11.3 |      20 |      10 |  33.3
        D:9 |     733 |       7 |   0.9 |      11 |       4 |  26.7
       D:10 |    2862 |    1032 |  26.5 |      18 |       8 |  30.8
       D:11 |     470 |     121 |  20.5 |       4 |       1 |  20.0
    Ossuary |       0 |     297 | 100.0 |       0 |      16 | 100.0
            +---------+---------+-------+---------+---------+-------
